 Dungeon Crawl Stone Soup version 0.30.0-13-g156ef70053 (webtiles) character file.

Game seed: 16165262748081036602

340 Esekla the Grave Robber (level 6, -1/39 HPs)
             Began as an Octopode Necromancer on May 17, 2023.
             Slain by an ufetubus (4 damage)
             ... on level 4 of the Dungeon.
             The game lasted 00:11:14 (3209 turns).

Esekla the Grave Robber (Octopode Necromancer)      Turns: 3209, Time: 00:11:14

Health: -1/39      AC:  1    Str:  8    XL:     6   Next: 56%
Magic:  1/10       EV: 13    Int: 19    God:
Gold:   226        SH:  0    Dex: 12    Spells: 3/10 levels left

rFire   . . .        o - +2 dagger (drain)
rCold   . . .        (no shield)
rNeg    . . .        (helmet restricted)
rPois   .            (no amulet)
rElec   .            (no ring)
rCorr   .            (no ring)
SInv    .            (no ring)
Will    .....        (no ring)
Stlth   +++          (no ring)
HPRegen 0.26/turn    (no ring)
MPRegen 0.12/turn    (no ring)
                     (no ring)

%: no passive effects
@: no status effects
A: almost no armour, amphibious, 8 rings, camouflage 1, gelatinous body 1,
(nimble swimmer 1), tentacles
a: no special abilities


You were on level 4 of the Dungeon.
You visited 1 branch of the dungeon, and saw 4 of its levels.

You collected 226 gold pieces.

Inventory:

Hand Weapons
 c - a +0 dagger
 i - a +0 spear
 o - a +2 dagger of draining (weapon)
Missiles
 d - a throwing net
Scrolls
 e - 3 scrolls of poison {unknown}
 h - a scroll of identify {unknown}
 m - 3 scrolls of enchant armour {unknown}
 n - a scroll of fog {unknown}
 p - a scroll of blinking {unknown}
 q - a scroll of vulnerability {unknown}
 r - a scroll of noise {unknown}
 s - a scroll of silence {unknown}
 v - 2 scrolls of immolation {unknown}
 w - a scroll of teleportation {unknown}
Potions
 a - 2 potions of magic
 b - a potion of ambrosia {unknown}
 f - a potion of haste
 g - 2 potions of curing
 j - a potion of heal wounds {unknown}
 k - 2 potions of degeneration {unknown}
 l - 2 potions of berserk rage {unknown}
 t - a potion of flight {unknown}
 u - 3 potions of cancellation {unknown}


   Skills:
 * Level 2.0 Fighting
 + Level 1.4 Short Blades
 * Level 3.2 Dodging
 + Level 4.2 Stealth
 * Level 2.9 Spellcasting
 * Level 4.7 Necromancy
 * Level 1.5 Translocations
 * Level 1.6 Air Magic


You had 3 spell levels left.
You knew the following spells:

 Your Spells              Type           Power      Damage    Failure   Level
a - Necrotise             Necr           80%        1d8       2%          1
d - Vampiric Draining     Necr           20%        2d7       6%          3
h - Vhi's Electric Charg  Tloc/Air       16%        N/A       24%         3

Your spell library contained the following spells:

 Spells                   Type           Power      Damage    Failure   Level
 Animate Dead             Necr           20%        N/A       22%         4
 Agony                    Necr           20%        N/A       52%         5
 Arcjolt                  Conj/Air       2%         1d12      97%         5
 Maxwell's Capacitive Co  Air            4%         ∞         100%        8


Dungeon Overview and Level Annotations

Branches:
Dungeon (4/15)
 Temple: D:4-7

Altars:
Kikubaaqudgha
Uskayaw
Vehumet
Xom


Innate Abilities, Weirdness & Mutations

You cannot wear most types of armour.
You are amphibious.
You can wear up to eight rings at the same time.
Your skin changes colour to match your surroundings (Stealth+).
Your rubbery body absorbs attacks. (AC +1, EV +1)
((You are camouflaged when in or above water. (Stealth+)))
You have tentacles for arms and can constrict up to eight enemies at once.


Message History

Aiming: Vampiric Draining (dangerous; 7% risk of failure)
Press: ? - help, Shift-Dir - straight line, f/p - gnoll bouda
Aim: a gnoll bouda, wielding a +0 whip and wearing a +0 leather armour (moderately wounded, constricted by you)
You draw life force from the gnoll bouda!
You feel life coursing into your body.
You constrict the gnoll bouda, but do no damage.
The gnoll is no longer moving quickly.
The ufetubus misses you. The ufetubus barely misses you.
The gnoll bouda barks out a call to the hunt!
The gnoll picks up the pace!
Casting: Vampiric Draining (dangerous; 7% risk of failure)
Confirm with . or Enter, or press ? or * to list all spells.
Aiming: Vampiric Draining (dangerous; 7% risk of failure)
Press: ? - help, Shift-Dir - straight line, f/p - gnoll bouda
Aim: a gnoll bouda, wielding a +0 whip and wearing a +0 leather armour (severely wounded, constricted by you)
You draw life force from the gnoll bouda!
You kill the gnoll bouda!
You feel life coursing into your body. The ufetubus barely misses you.
The ufetubus misses you. The ufetubus hits you. The ufetubus barely misses you.
Your Fighting skill increases to level 2!
You hit the ufetubus. You grab the ufetubus. You tentacle-slap the ufetubus.
Your squeeze misses the ufetubus.
The ufetubus is heavily wounded.
You constrict the ufetubus. The gnoll closely misses you.
The ufetubus closely misses you. x2
You hit the gnoll. You drain the gnoll. You grab the gnoll.
The gnoll is heavily wounded.
You constrict the gnoll, but do no damage.
You constrict the ufetubus. The ufetubus hits you.
* * * LOW HITPOINT WARNING * * *
The ufetubus barely misses you. The gnoll closely misses you.
You hit the gnoll. You drain the gnoll.
You kill the gnoll!
You constrict the ufetubus.
The gnoll is no longer moving quickly.
The ufetubus hits you.
* * * LOW HITPOINT WARNING * * *
The ufetubus hits you.
* * * LOW HITPOINT WARNING * * *
The ufetubus hits you.
You die...

##.#.##.........<.#.#
#.#.#####.##.....#.#
#.#.# #...........#
#.#.####..##.......#
#..#...#.######....#
#.........†####.#.##
#.....#.r##.)####.#
#....#..#5###[# #.#
#...g..#.#@#### ..#
#...#...g)## #.#
##......###
#....#....#
.....#...#.###
.>....?#..#.#
..##.......#.) .
#........### #..#
#####


You could see a gnoll, an ufetubus and a quokka.

Vanquished Creatures
  A gnoll bouda (D:4)
  An orc priest (D:3)
  A hound (D:4)
  Jessica (D:2)
  An iguana (D:3)
  Natasha (thrice) (D:2)
  A gnoll (D:4)
  5 adders
  4 worms
  5 dart slugs
  2 orcs (D:3)
  6 endoplasms
  7 goblins
  6 hobgoblins
  4 quokkas
  4 ball pythons
  2 bats (D:1)
  2 frilled lizards
  7 kobolds
  4 rats
67 creatures vanquished.

Notes
Turn   | Place    | Note
-------+----------+-------------------------------------------
     0 | D:1      | Esekla the Octopode Necromancer began the quest for the
                  | Orb.
     0 | D:1      | Reached XP level 1. HP: 11/11 MP: 3/3
   262 | D:1      | Reached XP level 2. HP: 13/17 MP: 5/5
   966 | D:2      | Reached XP level 3. HP: 22/22 MP: 6/6
   970 | D:2      | Learned a level 3 spell: Vampiric Draining
  1163 | D:2      | Reached skill level 1 in Fighting
  1232 | D:2      | HP: 1/23 [poisoned by an adder]
  1241 | D:2      | Reached XP level 4. HP: 15/28 MP: 0/7
  1359 | D:2      | Noticed Jessica
  1369 | D:2      | Killed Jessica
  1478 | D:2      | Found an ancient bone altar of Kikubaaqudgha.
  1660 | D:2      | Learned a level 3 spell: Vhi's Electric Charge
  1714 | D:2      | Noticed Natasha
  1723 | D:2      | Killed Natasha
  1724 | D:2      | Reached XP level 5. HP: 33/33 MP: 8/8
  1879 | D:2      | Noticed Natasha
  1888 | D:2      | Killed Natasha
  1889 | D:2      | Reached skill level 1 in Short Blades
  1889 | D:2      | Reached skill level 1 in Air Magic
  1991 | D:2      | Noticed Natasha
  2001 | D:2      | Killed Natasha
  2002 | D:2      | Reached skill level 1 in Translocations
  2473 | D:3      | Found a shimmering altar of Xom.
  2498 | D:3      | Reached XP level 6. HP: 33/39 MP: 9/9
  2756 | D:3      | Found a hide-covered altar of Uskayaw.
  3128 | D:4      | Found a radiant altar of Vehumet.
  3194 | D:4      | Noticed a black bear
  3209 | D:4      | Slain by an ufetubus

Illustrated notes

Levels and vault maps discovered:
D:1:      amcnicky_arrival_flooded_fountain, layout_loops_ring, serial_forest,
          infiniplex_forest_lined_1, infiniplex_forest_fountain,
          infiniplex_forest_zigzag_2, infiniplex_forest_fountain,
          infiniplex_forest_clump_curved, kennysheep_doodads
D:2:      minmay_angry_zag, layout_basic, basic_altar, nicolae_eternal_life,
          uniq_natasha, uniq_jessica
D:3:      cheibrodos_helix_gallery, layout_loops_ring,
          mainiacjoe_overflow_small_starburst,
          nicolae_uskayaw_murder_on_the_dancefloor
D:4:      layout_loops_ring, marbit_many_paths, kennysheep_little_box,
          mainiacjoe_overflow_alcove_1, vehumet_crystals, enter_ossuary_1,
          minmay_increasing_density

Skill      XL: |  1  2  3  4  5  6 |
---------------+-------------------+-----
Stealth        | 3 4 |  4.2
Fighting       | 1 2 |  2.0
Short Blades   | 1 |  1.4
Air Magic      | 1 |  1.6
Dodging        | 3 |  3.2
Translocations | 1 |  1.5
Spellcasting   | |  2.9
Necromancy     | |  4.7

Action                     |  1- 3 |  4- 6 || total
---------------------------+-------+-------++-------
  Melee: Short sword       |     8 |       ||     8
         Unarmed           |     7 |       ||     7
         Dagger            |    45 |    93 ||   138
         Tentacles         |    14 |    19 ||    33
         Constrict         |    14 |    23 ||    37
         Punch             |     1 |     1 ||     2
   Cast: Vampiric Draining |     2 |     9 ||    11
    Use: Potion            |     1 |       ||     1
   Stab: Sleeping          |    12 |     5 ||    17
 Armour: Skin              |     1 |     6 ||     7
  Dodge: Dodged            |    41 |    66 ||   107
